 Dungeon Crawl Stone Soup version 0.31-a0-1612-g4aaf141004 (webtiles) character file.

Game seed: 5671979850861085010

3392 Inarius the Cleaver (level 10, -5/68 HPs)
             Began as an Octopode Fighter on Jan 9, 2024.
             Was an Initiate of Nemelex Xobeh.
             Slain by a killer bee (6 damage)
             ... on level 8 of the Dungeon.
             The game lasted 00:11:47 (7901 turns).

Inarius the Cleaver (Octopode Fighter)              Turns: 7901, Time: 00:11:48

Health: -5/68      AC:  1    Str: 20    XL:     10   Next: 4%
Magic:  0/11       EV: 14    Int: 11    God:    Nemelex Xobeh [......]
Gold:   36         SH:  4    Dex: 11    Spells: 9/9 levels left

rFire   . . .        D - +2 war axe (heavy)
rCold   . . .        b - +0 buckler
rNeg    . . .        (helmet restricted)
rPois   .            f - amulet of guardian spirit
rElec   .            x - ring of flight
rCorr   .            (no ring)
SInv    .            (no ring)
Will    .....        (no ring)
Stlth   +++++        (no ring)
HPRegen 0.31/turn    (no ring)
MPRegen 0.12/turn    (no ring)
                     (no ring)

%: guardian spirit
@: lethally poisoned (-5 -> -8), flying
A: almost no armour, amphibious, 8 rings, camouflage 1, gelatinous body 1,
(nimble swimmer 1), tentacles
a: Renounce Religion, Draw Escape, Draw Destruction, Draw Summoning


You were on level 8 of the Dungeon.
You worshipped Nemelex Xobeh.
Nemelex Xobeh was noncommittal.
You visited 2 branches of the dungeon, and saw 9 of its levels.

You collected 327 gold pieces.
You spent 291 gold pieces at shops.

Inventory:

Hand Weapons
 a - a +0 war axe
 A - a +3 hand axe
 D - a +2 heavy war axe (weapon)
 F - a +3 morningstar
Armour
 b - a +0 buckler (worn)
Jewellery
 f - an amulet of guardian spirit (around mantle)
 q - an amulet of regeneration
 s - an amulet of the acrobat
 x - a ring of flight (left tentacle)
Wands
 i - a wand of paralysis (11)
 u - a wand of mindburst (7)
 v - a wand of polymorph (19)
 w - a wand of light (3)
 B - a wand of iceblast (13)
 C - a wand of flame (18)
Scrolls
 d - 3 scrolls of amnesia
 h - 2 scrolls of enchant armour {unknown}
 k - 2 scrolls of poison {unknown}
 l - a scroll of vulnerability
 m - a scroll of enchant weapon
 r - 6 scrolls of teleportation
 t - 2 scrolls of brand weapon {unknown}
 y - a scroll of immolation {unknown}
 z - 3 scrolls of noise
 E - a scroll of revelation {unknown}
Potions
 c - 3 potions of might
 e - 2 potions of enlightenment
 g - 4 potions of heal wounds
 j - 2 potions of brilliance {unknown}
 n - a potion of resistance {unknown}
 o - 5 potions of curing
 p - a potion of lignification


   Skills:
 + Level 5.6 Fighting
 + Level 8.8 Axes
 + Level 5.4 Dodging
 + Level 8.0 Stealth
 + Level 3.9 Shields
 * Level 2.3 Invocations
 + Level 5.9 Evocations


You had 9 spell levels left.
You didn't know any spells.
Your spell library contained the following spells:

 Spells                   Type           Power      Damage    Failure   Level
 Freeze                   Ice            0%         1d3       41%         1
 Sandblast                Erth           0%         2d4       41%         1
 Blink                    Tloc           0%         N/A       54%         2
 Lesser Beckoning         Tloc           0%         N/A       54%         2
 Momentum Strike          Conj/Tloc      0%         3d8       54%         2
 Searing Ray              Conj           0%         2d4       54%         2
 Frozen Ramparts          Ice            0%         1d1       78%         3
 Gell's Gravitas          Tloc           0%         N/A       78%         3
 Hailstorm                Conj/Ice       0%         3d5       78%         3
 Passwall                 Erth           0%         N/A       78%         3
 Stone Arrow              Conj/Erth      0%         3d7       78%         3
 Teleport Other           Tloc           0%         N/A       78%         3
 Brom's Barrelling Bould  Conj/Erth      0%         2d3       99%         4
 Fulminant Prism          Conj/Alch      0%         3d5       99%         4
 Leda's Liquefaction      Alch/Erth      0%         N/A       99%         4
 Petrify                  Alch/Erth      0%         N/A       99%         4
 Metabolic Englaciation   Hex/Ice        0%         N/A       100%        5
 Dispersal                Tloc           0%         N/A       100%        6
 Eringya's Noxious Bog    Alch           0%         4d6       100%        6
 Lehudib's Crystal Spear  Conj/Erth      0%         10d2      100%        8


Dungeon Overview and Level Annotations

Branches:
Dungeon (8/15)             Temple (1/1) D:7
   Lair: D:8-11

Altars:
Ashenzari
Cheibriados
Dithmenos
Elyvilon
Fedhas
Gozag
Hepliaklqana
Nemelex Xobeh
Qazlal
Ru
Sif Muna
Uskayaw
Vehumet
Wu Jian
Xom
Yredelemnul
Zin

Shops:
D:1 :   D:2 [   D:3 ?   D:4 *   D:6 (

Annotations:
D:5 3 runed translucent doors, AceOff's ghost, novice FoFi


Innate Abilities, Weirdness & Mutations

You cannot wear most types of armour.
You are amphibious.
You can wear up to eight rings at the same time.
Your skin changes colour to match your surroundings (Stealth+).
Your rubbery body absorbs attacks. (AC +1, EV +1)
((You are camouflaged when in or above water. (Stealth+)))
You have tentacles for arms and can constrict up to eight enemies at once.


Message History

z - 3 scrolls of noise (gained 1) HP restored.
You reach down and open the door.
Found a cloak.
There is an open door here.
You see here a +0 cloak.
You reach down and open the door.
There is an open door here.
A steam dragon comes into view.
A steam dragon is nearby!
The steam dragon barely misses you. The steam dragon claws you.
You closely miss the steam dragon. The steam dragon bites you!
The steam dragon claws you. The steam dragon breathes steam at you.
The ball of steam hits you!!
You are too injured to fight recklessly!
You are too injured to fight recklessly!
The steam dragon barely misses you. x2
Aiming: Polymorph
Press: ? - help, Shift-Dir - straight line, f - steam dragon
Aim: a steam dragon (catching its breath, will become a tengu, a killer bee, or a sky beast, chance to affect: 63%)
The steam dragon evaporates and reforms as a killer bee!
You block the killer bee's attack. The killer bee stings you.
Unknown command.
You miss the killer bee. Your grab misses the killer bee.
Your squeeze misses the killer bee. The killer bee closely misses you.
You block the killer bee's attack. The killer bee stings you!
You are poisoned.
The killer bee poisons you!
You hit the killer bee. You grab the killer bee.
The killer bee is moderately wounded.
You are engulfed in a cloud of scalding steam.
* * * LOW HITPOINT WARNING * * *
You constrict the killer bee.
You feel very sick. The killer bee stings you!
* * * LOW HITPOINT WARNING * * *
The killer bee barely misses you. The killer bee stings you.
You die...
Your body disappears without a glow.

#. #.# ###.#######
#........y#######
#.#.#..ยง.@......#
#
#.....###.#####.#
#.##.....# #.# #.#
#........# #.# #.#
####.#.#####.# #.#
#.........# #.#
###.####### #.####
##'## #....#
##...## #....#


You could see a killer bee.

Vanquished Creatures
  Eustachio (D:4)
  Menkaure (D:4)
  Edmund (D:5)
  2 water moccasins
  A black bear (D:5)
  2 orc warriors
  An ogre (D:5)
  A sky beast (D:7)
  2 ice beasts
  A phantom (D:5)
  3 bullfrogs
  4 scorpions
  10 wights
  A killer bee (D:6)
  2 howler monkeys (D:8)
  2 bombardier beetles (D:5)
  3 orc priests
  Crazy Yiuf (D:3)
  7 hounds
  A jelly (D:5)
  2 gnoll boudas
  2 sleepcaps (D:6)
  6 iguanas
  4 orc wizards
  10 gnolls
  3 adders
  A shadow imp (D:6)
  2 white imps
  2 ufetubi (D:7)
  4 dart slugs
  A ribbon worm (D:5)
  27 orcs
  9 endoplasms
  2 giant cockroaches
  5 hobgoblins
  11 jackals
  2 kobolds (D:3)
  3 quokkas
  3 ball pythons
  8 bats
  5 frilled lizards (D:2)
  5 goblins
  5 rats
169 creatures vanquished.

Notes
Turn   | Place    | Note
-------+----------+-------------------------------------------
     0 | D:1      | Inarius the Octopode Fighter began the quest for the Orb.
     0 | D:1      | Reached XP level 1. HP: 16/16 MP: 1/1
   111 | D:1      | Reached XP level 2. HP: 19/21 MP: 2/2
   567 | D:1      | Reached skill level 1 in Stealth
   567 | D:1      | Reached XP level 3. HP: 26/26 MP: 3/3
  1036 | D:2      | Found Timutod's Antique Armour Emporium.
  1648 | D:3      | Reached XP level 4. HP: 31/31 MP: 4/4
  1975 | D:3      | Found Daseg's Magic Scroll Shoppe.
  1978 | D:3      | Bought a scroll of identify for 22 gold pieces
  1978 | D:3      | Bought a scroll of identify for 22 gold pieces
  1978 | D:3      | Bought a scroll of identify for 22 gold pieces
  1978 | D:3      | Bought a scroll of identify for 22 gold pieces
  2082 | D:3      | Found an ornate altar of the Wu Jian Council.
  2083 | D:3      | Found a shimmering altar of Xom.
  2331 | D:3      | Found a runed translucent door.
  2332 | D:3      | Noticed Crazy Yiuf
  2338 | D:3      | Killed Crazy Yiuf
  2447 | D:4      | Reached XP level 5. HP: 36/36 MP: 5/5
  2455 | D:4      | Noticed Menkaure
  2625 | D:4      | Found Idianwoc's General Store.
  2634 | D:4      | Bought a scroll of identify for 28 gold pieces
  2678 | D:4      | Reached skill level 1 in Evocations
  2730 | D:4      | Killed Menkaure
  2731 | D:4      | Reached XP level 6. HP: 26/42 MP: 3/6
  2905 | D:4      | Noticed Eustachio
  2927 | D:4      | Killed Eustachio
  3099 | D:5      | Entered Level 5 of the Dungeon
  3116 | D:5      | Reached XP level 7. HP: 43/46 MP: 7/7
  3192 | D:5      | Noticed Edmund
  3194 | D:5      | Killed Edmund
  3195 | D:5      | Reached skill level 5 in Axes
  3275 | D:5      | Found a runed translucent gate.
  3275 | D:5      | Found a runed translucent gate.
  3276 | D:5      | Found a runed translucent gate.
  3281 | D:5      | Noticed AceOff's ghost (novice FoFi)
  3653 | D:5      | Reached skill level 5 in Stealth
  3653 | D:5      | Reached XP level 8. HP: 43/54 MP: 6/8
  4922 | D:6      | Identified the +11 whip of the Coin {heavy, rN+ rCorr
                  | Str+2}
  5009 | D:5      | Reached XP level 9. HP: 27/59 MP: 3/9
  5387 | D:6      | Reached skill level 5 in Evocations
  5680 | D:6      | Found Daen's Antique Weapon Boutique.
  5750 | D:6      | Reached skill level 5 in Dodging
  6176 | D:6      | Reached skill level 5 in Fighting
  6746 | D:7      | Found a staircase to the Ecumenical Temple.
  6754 | Temple   | Entered the Ecumenical Temple
  6769 | Temple   | Became a worshipper of Nemelex Xobeh the Trickster
  6834 | D:7      | Found a snail-covered altar of Cheibriados.
  6997 | D:6      | Bought a runed war axe for 175 gold pieces
  7120 | D:7      | Found a blossoming altar of Fedhas.
  7214 | D:7      | Reached skill level 1 in Invocations
  7442 | D:7      | Got the Grimoire of Brilliant Reagents
  7476 | D:7      | Found a shimmering blue altar of Sif Muna.
  7535 | D:7      | Found a radiant altar of Vehumet.
  7637 | D:8      | Reached XP level 10. HP: 11/65 MP: 2/11
  7901 | D:8      | HP: 1/68 [killer bee (7)]
  7901 | D:8      | Slain by a killer bee

Illustrated notes

Levels and vault maps discovered:
D:1:      saegor_arrival_simple_a, layout_loops_corners, serial_glass,
          glass_columns_b, glass_columns_c, minmay_strange_pillars, nrook_uturn,
          nicolae_shop_vocational
D:2:      layout_loops_cross, serial_shops, nicolae_square_shop,
          chequers_serial_rivers_room_a, kennysheep_potato
D:3:      layout_loops_cross, gammafunk_temple_overflow_statue, serial_shops,
          nicolae_shop_real_fake_doors, serial_bayou_pond_d,
          uniq_crazy_yiuf_cottage
D:4:      layout_rooms, serial_shops, shop, uniq_eustachio, uniq_menkaure
D:5:      minmay_thinvault, layout_loops_ring, biasface_ghost_orc_armoury,
          uniq_edmund
D:6:      layout_rooms, serial_shops, shop
D:7:      layout_basic, mainiacjoe_overflow_surrounded_room, fedhas_altar_4,
          jmf_multi_god_temple2, minmay_temple_entry_grid,
          kennysheep_generic_room_9
D:8:      layout_loops_corners, jmf_multi_god_temple, lemuel_crystal_altar,
          uniq_erica, uniq_grum
Temple:   nicolae_temple_ecumenical_triangle

Skill      XL: |  1  2  3  4  5  6  7  8  9 10 |
---------------+-------------------------------+-----
Stealth        | 1 2 3 4 5 6 7 8 |  8.0
Axes           | 3 4 5 7 8 |  8.8
Evocations     | 1 2 3 4 5 |  5.9
Dodging        | 4 5 |  5.4
Fighting       | 4 5 |  5.6
Invocations    | 2 |  2.3
Shields        | |  3.9

Action                     |  1- 3 |  4- 6 |  7- 9 | 10-12 || total
---------------------------+-------+-------+-------+-------++-------
  Melee: War axe           |    68 |    72 |   153 |     6 ||   299
         Tentacles         |    10 |    14 |    64 |       ||    88
         Constrict         |    14 |    13 |    60 |     1 ||    88
         Punch             |       |       |     4 |       ||     4
         Hand axe          |       |       |   103 |       ||   103
  Evoke: Wand              |       |     8 |    10 |     2 ||    20
    Use: Scroll            |       |     8 |     2 |       ||    10
   Stab: Sleeping          |    11 |     5 |    20 |       ||    36
         Paralysed         |       |       |     5 |       ||     5
         Distracted        |       |       |     1 |       ||     1
 Armour: Skin              |    26 |    34 |   117 |    11 ||   188
  Dodge: Dodged            |    36 |    31 |   144 |     5 ||   216
  Block: Buckler           |     7 |    16 |    33 |     2 ||    58

Table legend: (Time is in decaauts)
 A = Elapsed time spent in this place.
 B = Non-inter-level travel time spent in this place.
 C = Inter-level travel time spent in this place.
 D = Time resting spent in this place.
 E = Time spent auto-exploring this place.
 F = Levels seen in this place.
 G = Mean time per level.
                   A        B        C        D        E       F      G
               +--------+--------+--------+--------+--------+-----+--------+
         Total |   8009 |   7597 |    412 |   1508 |   4502 |   9 |  889.9 |
       Dungeon |   7988 |   7576 |    412 |   1508 |   4502 |   8 |  998.5 |
        Temple |     20 |     20 |      0 |      0 |      0 |   1 |   20.0 |
               +--------+--------+--------+--------+--------+-----+--------+

Top non-repeatable levels by time:
     D:5: 1994 daAuts
     D:6: 1346 daAuts
     D:7: 1174 daAuts
     D:1: 913 daAuts
     D:3: 897 daAuts
     D:2: 757 daAuts
     D:4: 586 daAuts
     D:8: 318 daAuts
  Temple: 20 daAuts
